 Dungeon Crawl Stone Soup version 0.27-a0-1119-gbf574a6a6b (webtiles) character file.

Game seed: 4773392320617028283

38 jasper the Sneak (level 3, -1/29 HPs)
             Began as a Demonspawn Delver on May 2, 2021.
             Slain by a centaur skeleton (2 damage)
             ... on level 6 of the Dungeon.
             The game lasted 00:01:35 (149 turns).

jasper the Sneak (Demonspawn Delver)                 Turns: 149, Time: 00:01:36

Health: -1/29      AC:  3    Str: 13    XL:     3   Next: 25%
Magic:  3/3        EV: 11    Int: 11    God:
Gold:   0          SH:  0    Dex: 14    Spells: 2/2 levels left

rFire    . . .     SeeInvis .   a - +0 falchion
rCold    . . .     Faith    .   (no shield)
rNeg     . . .     Spirit   .   b - +0 leather armour
rPois    .         Reflect  .   (no helmet)
rElec    .         Harm     .   (no cloak)
rCorr    .         Rampage  .   (no gloves)
Will     .....                  (no boots)
Stlth    ++........             (no amulet)
HPRegen  0.09/turn              (no ring)
MPRegen  0.08/turn              (no ring)

@: no status effects
A: hooves 1
a: no special abilities


You were on level 6 of the Dungeon.
You visited 1 branch of the dungeon, and saw 2 of its levels.

Inventory:

Hand Weapons
 a - a +0 falchion (weapon)
Armour
 b - a +0 leather armour (worn)
Wands
 g - a wand of digging (2)
Scrolls
 c - a scroll of fog
 d - a scroll of magic mapping


   Skills:
 - Level 3.0 Fighting
 + Level 3.4 Long Blades
 - Level 1.7 Dodging
 - Level 4.5 Stealth


You had 2 spell levels left.
You didn't know any spells.
Your spell library was empty.

Dungeon Overview and Level Annotations

Branches:
Dungeon (6/15)
 Temple: D:4-7

Altars:

Annotations:
D:6 exclusion: iguana, Sigmund


Innate Abilities, Weirdness & Mutations

You have large cloven feet.


Message History

The orc is lightly wounded.
The orc warrior is pulled toward you! The orc is pulled toward you!
You barely miss the orc.
The orc is lightly wounded.
The orc warrior is pulled toward you! The orc is pulled toward you!
You hit the orc.
Your attack snaps the orc out of its fear.
The orc is almost dead.
The orc warrior is pulled toward you! The orc is pulled toward you!
You hit the orc.
You kill the orc!
The orc warrior is pulled toward you!
An iguana comes into view.
The orc warrior is pulled toward you! The iguana is pulled toward you!
Items here: ( )) [ ††.
The orc warrior seems to regain its courage.
The iguana is pulled toward you!
You feel less attractive to monsters.
You open the door. The orc warrior completely misses you.
The iguana misses you.
You riposte.
You closely miss the iguana.
The orc warrior hits you with a +0 flail!
* * * LOW HITPOINT WARNING * * *
There is an open door here.
You take 12 damage, and have 2/29 hp.
MASSIVE DAMAGE!!
Okay, then.
Okay, then.
Found a chain mail.
You see here a +0 chain mail.
A centaur skeleton comes into view.
The centaur skeleton hits you.
* * * LOW HITPOINT WARNING * * *
The centaur skeleton kicks you.
* * * LOW HITPOINT WARNING * * *
The centaur skeleton completely misses you.
The centaur skeleton kicks you but does no damage.
Found a pink potion.
You take 2 damage, and have 4/29 hp.
The centaur skeleton hits you.
* * * LOW HITPOINT WARNING * * *
The centaur skeleton kicks you.
You die...

#####.....######.###.
+#...#' #.# # ##.#
#l# # #.# . #.#
..########+########.#
.................l..#
#.........l#[#######
#.....@Zo....#
#......#######
##.....# #.....#
#.....# #...!.#
#.....# #.....#


You could see an orc warrior, an iguana and a centaur skeleton.

Vanquished Creatures
  A bullfrog zombie (D:6)
  3 orcs (D:6)
4 creatures vanquished.

Notes
Turn   | Place    | Note
-------+----------+-------------------------------------------
     0 | D:5      | jasper the Demonspawn Delver began the quest for the Orb.
     0 | D:5      | Reached XP level 1. HP: 18/18 MP: 1/1
     6 | D:5      | Noticed a water moccasin
    18 | D:6      | Noticed an iguana
    46 | D:6      | Gained mutation: You have large cloven feet. [demonic
                  | ancestry]
    46 | D:6      | Reached XP level 2. HP: 24/24 MP: 2/2
    46 | D:6      | Reached XP level 3. HP: 29/29 MP: 3/3
    53 | D:6      | Noticed Sigmund
    83 | D:6      | Noticed an orc warrior
   149 | D:6      | HP: 1/29 [centaur skeleton (3)]
   149 | D:6      | Slain by a centaur skeleton

Illustrated notes

Levels and vault maps discovered:
D:5:      layout_cave_pods, gammafunk_ghost_necromancy
D:6:      layout_basic, minmay_pentangle, uniq_sigmund, uniq_menkaure

Skill      XL: |  1 |
---------------+----+-----
Long Blades    | 3 |  3.4
Fighting       | |  3.0
Dodging        | |  1.7
Stealth        | |  4.5

Action                   || total
-------------------------++-------
Melee: Falchion          ||    20
       Kick              ||     2
Evoke: Wand              ||     1
  Use: Potion            ||     2
       Scroll            ||     2
 Stab: Sleeping          ||     1
Armor: Leather armour    ||     5
Dodge: Dodged            ||    13
       Rpst.: Falchion   ||     5

Table legend: (Time is in decaauts)
 A = Elapsed time spent in this place.
 B = Non-inter-level travel time spent in this place.
 C = Inter-level travel time spent in this place.
 D = Time resting spent in this place.
 E = Time spent auto-exploring this place.
 F = Levels seen in this place.
 G = Mean time per level.
                   A        B        C        D        E       F      G
               +--------+--------+--------+--------+--------+-----+--------+
         Total |    137 |    137 |      0 |      0 |     13 |   2 |   68.5 |
       Dungeon |    137 |    137 |      0 |      0 |     13 |   2 |   68.5 |
               +--------+--------+--------+--------+--------+-----+--------+

Top non-repeatable levels by time:
     D:6: 127 daAuts
     D:5: 9 daAuts
